 Dungeon Crawl Stone Soup version 0.25.1-2-g60ff931df9 (webtiles) character file.

Game seed: 17660209537577834676

217810 gruber the Minotaur Blade (level 18, -3/168 HPs)
             Began as a Minotaur Fighter on Dec 2, 2020.
             Was the Champion of Okawaru.
             Killed from afar by a deep elf annihilator (40 damage)
             ... with a poison arrow
             ... led by an ironheart preserver
             ... on level 2 of the Vaults.
             The game lasted 00:58:41 (40554 turns).

gruber the Minotaur Blade (Minotaur Fighter)       Turns: 40554, Time: 00:58:41

Health: -3/168     AC: 40    Str: 39    XL:     18   Next: 40%
Magic:  15/17      EV: 17    Int:  5    God:    Okawaru [******]
Gold:   3492       SH: 19    Dex:  9    Spells: 17/17 levels left

rFire    . . .     SeeInvis .   u - +4 scimitar (flame)
rCold    . . .     Gourm    .   c - +1 kite shield {AC+3}
rNeg     . . .     Faith    .   Q - +1 crystal plate armour
rPois    .         Spirit   .   R - +0 hat {MR+}
rElec    .         Reflect  .   r - +0 cloak
rCorr    +         Harm     .   V - +0 pair of gloves {Str+3}
MR       ++...                  j - +1 pair of boots of Lalaor {rCorr}
Stlth    ..........             J - amulet of the acrobat
HPRegen  0.38/turn              i - +6 ring of strength
MPRegen  0.15/turn              T - +4 ring of evasion

@: lethally poisoned (-3 -> -25), heroism
A: retaliatory headbutt, horns 2
}: 1/15 runes: decaying
a: Heroism, Finesse, Renounce Religion


You were on level 2 of the Vaults.
You worshipped Okawaru.
Okawaru was exalted by your worship.
You were hungry.

You visited 6 branches of the dungeon, and saw 30 of its levels.
You visited the Abyss 1 time.
You also visited: Ossuary, Gauntlet and Ice Cave.

You collected 4332 gold pieces.
You spent 840 gold pieces at shops.

Inventory:

Hand Weapons
 u - a +4 scimitar of flaming (weapon)
 H - a +0 double sword of holy wrath
Missiles
 t - 7 silver javelins (quivered)
Armour
 c - a +1 kite shield of protection (worn)
 j - the +1 pair of boots of Lalaor (worn) {rCorr}
   (You found it in a Gauntlet)

   It provides partial protection from all sources of acid and corrosion.
 r - a +0 cloak (worn)
 Q - a +1 crystal plate armour (worn)
 R - a +0 hat of magic resistance (worn)
 V - a +0 pair of gloves of strength (worn)
Jewellery
 i - a +6 ring of strength (left hand)
 q - an uncursed ring of see invisible
 I - an uncursed ring of positive energy
 J - an amulet of the acrobat (around neck)
 K - an uncursed ring of protection from cold
 M - an uncursed ring of fire
 T - a +4 ring of evasion (right hand)
Wands
 a - a wand of polymorph (47)
 g - a wand of enslavement (29)
 y - a wand of digging (11)
 D - a wand of disintegration (25)
 G - a wand of acid (19)
 O - a wand of clouds (7)
 U - a wand of iceblast (66)
 Y - a wand of paralysis (18)
Scrolls
 b - 3 scrolls of enchant armour {unknown}
 h - 2 scrolls of random uselessness {unknown}
 k - a scroll of noise {unknown}
 l - 9 scrolls of teleportation
 n - 11 scrolls of remove curse
 p - 5 scrolls of enchant weapon {unknown}
 s - 6 scrolls of fear {unknown}
 v - 3 scrolls of magic mapping
 A - a scroll of identify
 F - 5 scrolls of blinking
 P - 2 scrolls of fog
Potions
 d - 7 potions of might
 e - 22 potions of curing
 m - 6 potions of heal wounds
 o - a potion of magic
 w - 6 potions of haste
 x - 4 potions of lignification
 z - 4 potions of invisibility
 E - 6 potions of brilliance
 L - 4 potions of stabbing
 S - 2 potions of berserk rage
 W - 3 potions of flight
 X - 3 potions of ambrosia
Miscellaneous
 C - 2 phantom mirrors
 Z - a phial of floods
Comestibles
 f - 68 rations
 N - 3 chunks of flesh


   Skills:
 * Level 16.4(21.4) Fighting
   Level 8.9(20.9) Short Blades
 - Level 22.0(27) Long Blades
 - Level 19.0(24.0) Armour
 - Level 6.0(11.0) Dodging
 - Level 16.3(21.3) Shields


You had 17 spell levels left.
You didn't know any spells.
Your spell library contained the following spells:

 Spells                   Type           Power        Failure   Level  Hunger
 Animate Skeleton         Necr           N/A          94%         1    ##.....
 Corona                   Hex            #......      94%         1    ##.....
 Freeze                   Ice            #...         94%         1    ##.....
 Pain                     Necr           #...         94%         1    ##.....
 Sandblast                Erth           #.....       94%         1    ##.....
 Sting                    Tmut/Pois      #...         94%         1    ##.....
 Summon Small Mammal      Summ           #...         94%         1    ##.....
 Call Imp                 Summ           #.......     98%         2    ###....
 Passwall                 Tmut/Erth      #.......     98%         2    ###....
 Poisonous Vapours        Pois/Air       #.....       98%         2    ###....
 Slow                     Hex            #.......     98%         2    ###....
 Call Canine Familiar     Summ           #.......     100%        3    ####...
 Conjure Flame            Conj/Fire      #.......     100%        3    ####...
 Frozen Ramparts          Ice            #.....       100%        3    ####...
 Ignite Poison            Fire/Tmut/Pois #.......     100%        3    ####...
 Inner Flame              Hex/Fire       #.......     100%        3    ####...
 Mephitic Cloud           Conj/Pois/Air  #.......     100%        3    ####...
 Ozocubu's Armour         Chrm/Ice       #.......     100%        3    ####...
 Portal Projectile        Hex/Tloc       #.....       100%        3    ####...
 Stone Arrow              Conj/Erth      #.....       100%        3    ####...
 Summon Guardian Golem    Hex/Summ       #.......     100%        3    ####...
 Vampiric Draining        Necr           #.........   100%        3    ####...
 Animate Dead             Necr           N/A          100%        4    #####..
 Cause Fear               Hex            #.........   100%        4    #####..
 Hailstorm                Conj/Ice       #.......     100%        4    #####..
 Leda's Liquefaction      Hex/Erth       #.........   100%        4    #####..
 Olgreb's Toxic Radiance  Pois           #.......     100%        4    #####..
 Petrify                  Tmut/Erth      #.......     100%        4    #####..
 Summon Ice Beast         Ice/Summ       #.......     100%        4    #####..
 Summon Lightning Spire   Summ/Air       #.......     100%        4    #####..
 Agony                    Necr           #.......     100%        5    ######.
 Bolt of Magma            Conj/Fire/Erth #.........   100%        5    ######.
 Lee's Rapid Deconstruct  Erth           #.........   100%        5    ######.
 Freezing Cloud           Conj/Ice/Air   #.........   100%        6    #######
 Iron Shot                Conj/Erth      #.........   100%        6    #######
 Statue Form              Tmut/Erth      #........    100%        6    #######
 Ring of Flames           Chrm/Fire      #.........   100%        7    #######
 Shatter                  Erth           #.........   100%        9    #######


Dungeon Overview and Level Annotations

Branches:
Dungeon (15/15)            Temple (1/1) D:6            Lair (6/6) D:9
  Swamp (4/4) Lair:2        Snake (0/4) Lair:2          Orc (2/2) D:12
    Elf (0/3) Orc:2        Vaults (2/5) D:14          Crypt (0/3) Vaults:2
Ossuary (visited)           IceCv (visited)         Gauntlet (visited)
  Slime: Lair:5-6    Depths: D:15

Altars:
Ashenzari
Cheibriados
Dithmenos
Elyvilon
Fedhas
Gozag
Hepliaklqana
Kikubaaqudgha
Makhleb
Nemelex Xobeh
Okawaru
Qazlal
Ru
Sif Muna
Trog
Uskayaw
Vehumet
Wu Jian
Xom
Yredelemnul
Zin
The Shining One
Beogh

Shops:
D:5 (   D:8 ?   Orc:2 (}(:}

Annotations:
D:10 3 runed translucent doors, squishfish's ghost, journeyman GrFi
Lair:1 1 runed translucent door, Sylvandel's ghost, journeyman DDFi
Lair:3 1 runed translucent door, SamuraiZach's ghost, journeyman MiFi
Lair:4 exclusion: 3 oklob plants
Lair:6 3 runed translucent doors, exclusion: 2 oklob plants, Frank's ghost, journeyman TrMo
Swamp:2 Roxanne
Vaults:1 1 runed translucent door, Feagond's ghost, adept HOMo


Innate Abilities, Weirdness & Mutations

You reflexively headbutt those who attack you in melee.
You have a pair of horns on your head.


Message History

You block the ghostly deep elf death mage's attack.
The ironheart preserver completely misses you.
You furiously retaliate!
You headbutt the ironheart preserver.
The deep elf mage gestures at you while chanting.
The sticky flame misses you.
The ghostly deep elf death mage beckons forth a restless soul!
The deep elf annihilator gestures wildly while chanting.
The deep elf annihilator blinks!
Throwing (i - inventory)
t - 8 silver javelins (quivered)
Press: ? - help, Shift-Dir - straight line, f/p - deep elf annihilator
Aim: a deep elf annihilator, wielding a +0 glaive and wearing a +0 chain mail (heavily wounded)
You throw a silver javelin.
The silver javelin pierces through the deep elf annihilator but does no damage.
The deep elf annihilator is heavily wounded.
You feel sick.
The ironheart preserver closely misses you.
The deep elf annihilator casts a spell at you.
The poison arrow hits you!!!
You are more poisoned.
You die...

######'####.(.).#
#......#((..(#
#......#.))..#
#......#....)#
#......#.....#
#......#...*.#
#......#(..§.#
#......'...ep###########
######'##(.†e@...........
####......##...))...........
...#......##................
...#(.....##................
#..'......##..e.............
...#......########'#########
#..#......# #...........#
...#......# #.8.#####.8.#
...#......# #...#...#...#


You could see an ironheart preserver, a deep elf annihilator, a ghostly deep elf
death mage, a deep elf mage and a lost soul (summoned).

Vanquished Creatures
  Rupert (Lair:5)
  A thorn hunter (Swamp:4)
  Donald (Orc:2)
  A tengu reaver (Vaults:1)
  6 vault wardens
  A deep elf sorcerer (Abyss:2)
  An angel (Abyss:2)
  A stone giant (Orc:1)
  4 ironheart preservers
  A minotaur (Gauntlet)
  2 deep elf demonologists
  4 ettins
  Snorg (Lair:6)
  2 fire dragons
  2 yaktaur captains
  11 ogre magi
  Josephine (D:11)
  2 vault guards (Vaults:1)
  A great orb of eyes (Abyss:2)
  3 ice dragons
  3 ghost crabs (Swamp:4)
  Erolcha (D:12)
  24 hydras
  2 centaur warriors (Vaults:1)
  22 two-headed ogres
  2 shambling mangroves
  17 alligators
  A deep troll earth mage (Vaults:2)
  A tengu warrior (D:13)
  2 thrashing horrors (Abyss:2)
  An orc high priest (Orc:2)
  A deep elf knight (Vaults:2)
  2 fire crabs (Lair:6)
  3 skeletal warriors (D:14)
  2 unseen horrors
  2 deep trolls (Vaults:2)
  A glowing orange brain (Vaults:1)
  2 wizards
  A spriggan druid (Swamp:4)
  A wolf spider zombie (D:14)
  13 swamp dragons
  A deep elf archer (Vaults:2)
  Pikel (D:4)
  4 orc knights (Vaults:1)
  A stone giant zombie (Orc:1)
  4 ironbrand convokers
  A wolf spider (Vaults:1)
  4 necromancers
  26 ugly things
  17 cyclopes
  4 manticores
  A deep elf mage (Vaults:2)
  11 starcursed masses (Abyss:2)
  2 black mambas
  An ice statue (IceCv)
  5 elephants (Lair:5)
  A stone giant skeleton (Vaults:1)
  5 vault sentinels (Vaults:1)
  Joseph (D:8)
  Maurice (D:8)
  3 gargoyles
  2 large abominations (Abyss:2)
  3 smoke demons
  Maggie (D:6)
  13 komodo dragons
  2 molten gargoyles (Lair:6)
  13 spiny frogs
  7 rime drakes
  11 freezing wraiths
  An efreet (D:14)
  A komodo dragon (shapeshifter) (Vaults:1)
  20 yaktaurs
  A yaktaur zombie (Vaults:1)
  A yaktaur skeleton (Vaults:1)
  3 meliai (D:14)
  2 tengu conjurers
  4 polar bears
  A wind drake (shapeshifter) (Vaults:2)
  2 queen bees
  11 tyrant leeches
  4 raiju (Abyss:2)
  12 hornets
  3 trolls (D:13)
  20 slime creatures
  19 blink frogs
  10 bog bodies
  2 dream sheep (D:13)
  22 hippogriffs
  13 flying skulls (Gauntlet)
  Sigmund (D:5)
  10 wyverns
  8 wraiths
  5 shadows
  47 yaks
  5 spriggans
  2 steam dragons
  2 hungry ghosts
  14 basilisks
  A death yak simulacrum (IceCv)
  14 vampire mosquitoes
  3 nagas (Lair:2)
  17 insubstantial wisps
  8 wargs
  12 swamp worms
  An acid dragon (Vaults:1)
  A naga (shapeshifter) (Vaults:1)
  A soldier ant (D:12)
  6 hell hounds
  8 porcupines
  20 orc warriors
  15 water moccasins
  6 swamp drakes
  A black bear (shapeshifter) (Vaults:1)
  Duvessa (D:5)
  2 black bears
  4 sky beasts
  A slave (D:3)
  An eye of draining (D:13)
  10 ice beasts
  An alligator simulacrum (IceCv)
  A phantom (D:5)
  7 necrophages
  5 boggarts
  45 ogres
  19 wolves
  11 centaurs
  20 crocodiles
  A snapping turtle skeleton (Abyss:2)
  5 big kobolds
  12 bullfrogs
  3 elf zombies
  3 cyclops zombies (Orc:1)
  Dowan (D:5)
  A small abomination (Abyss:2)
  A wyvern skeleton (D:14)
  2 scorpions
  An elephant simulacrum (IceCv)
  44 killer bees
  5 howler monkeys
  2 vampire bats (Orc:2)
  7 wights
  3 electric eels
  3 lava snakes (Lair:6)
  2 bullfrog zombies
  10 crimson imps
  7 centaur zombies
  2 quasits
  4 centaur skeletons
  3 draconian simulacra (IceCv)
  12 orc priests
  5 hounds
  2 human zombies (Ossuary)
  5 bullfrog skeletons
  5 jellies
  3 iguanas
  17 orc wizards
  7 worker ants
  5 hell rats
  A spriggan simulacrum (IceCv)
  5 troll simulacra (IceCv)
  A wolf simulacrum (IceCv)
  A big kobold zombie (Ossuary)
  4 centaur simulacra (IceCv)
  A hound skeleton (D:8)
  2 mummies (Ossuary)
  A worker ant zombie (D:8)
  16 adders
  3 howler monkey skeletons
  4 naga simulacra (IceCv)
  12 gnolls
  3 ogre simulacra (IceCv)
  5 river rats
  5 shadow imps
  17 white imps
  2 ufetubi (Abyss:2)
  3 adder skeletons
  An adder zombie (D:8)
  2 worms
  5 dart slugs
  4 leopard geckos
  85 orcs
  A ball python (D:4)
  13 bats
  4 giant cockroaches
  8 goblins
  6 hobgoblins
  17 jackals
  3 frilled lizards
  3 goblin zombies (Ossuary)
  5 hobgoblin zombies (Ossuary)
  A jackal zombie (Ossuary)
  13 kobolds
  5 kobold zombies (Ossuary)
  16 orc zombies (Ossuary)
  17 rats
  A rat zombie (Ossuary)
  A fungus (Swamp:4)
1265 creatures vanquished.

Vanquished Creatures (others)
  Ijyb (D:5)
  A worker ant (D:5)
  An adder (D:5)
  A briar patch (Swamp:4)
  3 fungi
  3 plants
10 creatures vanquished.

Grand Total: 1275 creatures vanquished

Notes
Turn   | Place    | Note
-------+----------+-------------------------------------------
     0 | D:1      | gruber the Minotaur Fighter began the quest for the Orb.
     0 | D:1      | Reached XP level 1. HP: 19/19 MP: 0/0
   354 | D:1      | Reached skill level 3 in Long Blades
   424 | D:1      | Reached XP level 2. HP: 26/26 MP: 1/1
   670 | D:1      | Reached skill level 4 in Long Blades
   952 | D:2      | Reached XP level 3. HP: 31/31 MP: 2/2
  1291 | D:2      | Found a shadowy altar of Dithmenos.
  1348 | D:2      | Found a sparkling altar of Nemelex Xobeh.
  1473 | D:3      | Reached skill level 5 in Long Blades
  1627 | D:3      | Reached XP level 4. HP: 39/39 MP: 3/3
  1655 | D:3      | Noticed an ogre
  1663 | D:3      | Killed an ogre
  1663 | D:3      | Reached skill level 6 in Long Blades
  1663 | D:3      | Reached XP level 5. HP: 26/45 MP: 4/4
  1970 | D:3      | Reached skill level 7 in Long Blades
  2129 | D:3      | Found a shattered altar of Ashenzari.
  2129 | D:3      | Found a hide-covered altar of Uskayaw.
  2142 | D:3      | Found a shimmering altar of Xom.
  2358 | D:3      | Reached XP level 6. HP: 23/51 MP: 5/5
  2585 | D:4      | Reached skill level 8 in Long Blades
  2999 | D:5      | Entered Level 5 of the Dungeon
  2999 | D:5      | Noticed Pikel
  2999 | D:5      | Noticed a slave
  2999 | D:5      | Noticed a slave
  2999 | D:5      | Noticed a slave
  2999 | D:5      | Noticed a slave
  3070 | D:3      | Killed a slave
  3213 | D:4      | Killed Pikel
  3213 | D:4      | Reached XP level 7. HP: 41/57 MP: 6/6
  3333 | D:5      | Noticed Duvessa
  3333 | D:5      | Noticed Dowan
  3352 | D:5      | Killed Duvessa
  3354 | D:5      | Killed Dowan
  3397 | D:5      | Reached XP level 8. HP: 43/64 MP: 7/7
  3399 | D:5      | Found Faruo's Weapon Emporium.
  3537 | D:5      | Found a sand-covered staircase.
  3546 | Ossuary  | Entered an ossuary
  3785 | Ossuary  | Reached skill level 10 in Armour
  4004 | D:5      | You fall into a shaft and drop 3 floors!
  4004 | D:8      | Noticed Maurice
  4004 | D:8      | Noticed Joseph
  4093 | D:9      | Found a bloodstained altar of Trog.
  4129 | D:9      | Reached XP level 9. HP: 43/70 MP: 8/8
  4416 | D:9      | Found an ancient bone altar of Kikubaaqudgha.
  4543 | D:9      | Reached skill level 5 in Shields
  4720 | D:8      | Killed Maurice
  5022 | D:6      | Found a staircase to the Ecumenical Temple.
  5040 | Temple   | Entered the Ecumenical Temple
  5151 | D:5      | Noticed Sigmund
  5165 | D:5      | Killed Sigmund
  5165 | D:5      | Reached skill level 10 in Shields
  5492 | D:5      | Killed Ijyb
  5618 | D:6      | Found a glowing golden altar of the Shining One.
  5689 | D:6      | Found an iron altar of Okawaru.
  5704 | D:6      | Reached skill level 1 in Dodging
  5707 | D:6      | Became a worshipper of Warmaster Okawaru
  5759 | D:6      | Noticed Maggie
  5775 | D:6      | Killed Maggie
  5775 | D:6      | Reached XP level 10. HP: 38/77 MP: 9/9
  6141 | D:6      | Found a snail-covered altar of Cheibriados.
  6726 | D:7      | Reached skill level 5 in Dodging
  6754 | D:7      | Reached * piety under Okawaru
  7327 | D:7      | Reached skill level 5 in Fighting
  7353 | D:7      | Found a sacrificial altar of Ru.
  7591 | D:8      | Killed Joseph
  7591 | D:8      | Reached ** piety under Okawaru
  7892 | D:8      | Found Witebo's Magic Scroll Shoppe.
  7900 | D:8      | Bought a scroll of identify for 30 gold pieces
  7900 | D:8      | Bought a scroll of identify for 30 gold pieces
  7988 | D:8      | Found a white marble altar of Elyvilon.
  8419 | D:9      | Found a staircase to the Lair.
  8425 | D:9      | Reached *** piety under Okawaru
  9058 | D:10     | Entered Level 10 of the Dungeon
  9095 | D:10     | Reached XP level 11. HP: 91/99 MP: 10/10
  9118 | D:10     | Found a runed translucent gate.
  9118 | D:10     | Found a runed translucent gate.
  9118 | D:10     | Found a runed translucent gate.
  9123 | D:10     | Noticed squishfish's ghost (journeyman GrFi)
  9152 | D:10     | Identified the +3 plate armour of the Valley of Death
                  | {Regen+ Int+9 Stlth+}
  9177 | D:10     | Reached skill level 10 in Fighting
  9662 | D:10     | Got a bronze ring mail
  9663 | D:10     | Identified the +5 ring mail of the Game Afoot {*Contam
                  | Str+6 Int+2 Stlth+} (You found it on level 10 of the
                  | Dungeon)
  9773 | D:10     | Found a roughly hewn altar of Beogh.
  9824 | D:11     | Got an encrusted short sword
  9825 | D:11     | Identified the cursed +1 short sword of Laenkoanu {flame,
                  | +Inv} (You found it on level 11 of the Dungeon)
  9864 | D:11     | Killed an unseen horror
  9864 | D:11     | Reached skill level 9 in Long Blades
 10046 | D:11     | Noticed Josephine
 10079 | D:10     | Reached **** piety under Okawaru
 10175 | D:11     | Found a burning altar of Makhleb.
 10242 | D:11     | Reached skill level 10 in Long Blades
 10482 | D:11     | Killed Josephine
 10482 | D:11     | Reached skill level 11 in Long Blades
 10916 | D:11     | Noticed a red ugly thing
 10934 | D:11     | Killed a red ugly thing
 10934 | D:11     | Reached skill level 12 in Long Blades
 11214 | D:12     | Reached ***** piety under Okawaru
 11299 | D:12     | Found a staircase to the Orcish Mines.
 11308 | D:12     | Noticed a six-headed hydra
 11323 | D:12     | Killed a six-headed hydra
 11323 | D:12     | Reached skill level 13 in Long Blades
 11478 | D:12     | Killed an unseen horror
 11481 | D:12     | Reached XP level 12. HP: 75/106 MP: 8/11
 11486 | D:12     | Noticed Erolcha
 11503 | D:12     | Killed Erolcha
 11503 | D:12     | Received a gift from Okawaru
 11503 | D:12     | Reached skill level 14 in Long Blades
 11523 | D:12     | Reached skill level 1 in Short Blades
 12189 | Lair:1   | Entered Level 1 of the Lair of Beasts
 12258 | Lair:1   | Noticed a six-headed hydra
 12292 | Lair:1   | Killed a seven-headed hydra
 12292 | Lair:1   | Reached skill level 15 in Long Blades
 12820 | Lair:1   | Found a runed translucent door.
 12823 | Lair:1   | Noticed Sylvandel's ghost (journeyman DDFi)
 13274 | Lair:2   | Reached skill level 16 in Long Blades
 13443 | Lair:2   | Found a staircase to the Swamp.
 13481 | Lair:2   | Found a staircase to the Snake Pit.
 13481 | Lair:2   | Found a gate leading to a gauntlet.
 13499 | Lair:2   | Noticed a four-headed hydra
 13511 | Lair:2   | Killed a four-headed hydra
 13570 | Gauntlet | Entered a Gauntlet
 13570 | Gauntlet | Found a transporter.
 13570 | Gauntlet | Found a transporter.
 13570 | Gauntlet | Found a runed translucent gate.
 13570 | Gauntlet | Found a runed translucent gate.
 13570 | Gauntlet | Found a runed translucent gate.
 13692 | Gauntlet | Found a transporter.
 13696 | Gauntlet | Found a transporter.
 13707 | Gauntlet | Found a transporter.
 13708 | Gauntlet | Found a transporter.
 13720 | Gauntlet | Found a transporter.
 13725 | Gauntlet | Found a runed translucent door.
 13729 | Gauntlet | Noticed a seven-headed hydra
 13732 | Gauntlet | Found a transporter.
 13746 | Gauntlet | Found a transporter.
 13750 | Gauntlet | Found a transporter.
 13761 | Gauntlet | Found a transporter.
 13762 | Gauntlet | Found a transporter.
 14061 | Gauntlet | Identified a scroll of acquirement
 14143 | Gauntlet | Reached XP level 13. HP: 107/113 MP: 12/12
 14193 | Gauntlet | Got a pair of jewelled boots
 14202 | Gauntlet | Identified the +1 pair of boots of Lalaor {rCorr} (You
                  | found it in a Gauntlet)
 14218 | Gauntlet | Noticed a minotaur
 14237 | Gauntlet | Killed a minotaur
 14268 | Gauntlet | Acquired 800 gold pieces
 15158 | Lair:3   | Found a runed translucent door.
 15368 | D:8      | Bought a scroll of acquirement for 780 gold pieces
 15368 | D:8      | Acquired a +0 double sword of holy wrath
 15513 | Lair:3   | Reached skill level 15 in Armour
 15517 | Lair:3   | Received a gift from Okawaru
 16521 | Lair:3   | Noticed SamuraiZach's ghost (journeyman MiFi)
 16521 | Lair:3   | Identified the +2 spear "Qyhuep" {vorpal, SInv}
 17335 | Lair:3   | Identified the +1 flail "Lenesef" {flame, SInv}
 18670 | Lair:5   | Noticed Rupert
 18677 | Lair:5   | Paralysed by Rupert for 3 turns
 18874 | Lair:6   | Entered Level 6 of the Lair of Beasts
 19105 | Lair:6   | Noticed Snorg
 19118 | Lair:6   | Killed Snorg
 19118 | Lair:6   | Reached XP level 14. HP: 95/121 MP: 5/13
 19369 | Lair:6   | Found a runed translucent gate.
 19369 | Lair:6   | Found a runed translucent gate.
 19369 | Lair:6   | Found a runed translucent gate.
 19370 | Lair:6   | Noticed Frank's ghost (journeyman TrMo)
 19511 | Lair:6   | Received a gift from Okawaru
 19614 | Lair:6   | Found a large runed translucent door.
 20015 | Lair:6   | Received a gift from Okawaru
 20042 | Lair:6   | Found a large runed translucent door.
 21694 | Lair:5   | Reached skill level 5 in Short Blades
 21907 | Lair:5   | Paralysed by Rupert for 2 turns
 21914 | Lair:5   | Killed Rupert
 23053 | D:13     | Found a glowing golden altar of the Shining One.
 23219 | D:13     | Reached ****** piety under Okawaru
 23460 | D:13     | Received a gift from Okawaru
 24052 | D:14     | Reached skill level 17 in Long Blades
 24060 | D:14     | Found a frozen archway.
 24076 | D:14     | Reached XP level 15. HP: 61/126 MP: 14/14
 24086 | IceCv    | Entered an ice cave
 24485 | IceCv    | Received a gift from Okawaru
 24544 | IceCv    | Found an ancient bone altar of Kikubaaqudgha.
 25208 | D:14     | Reached skill level 18 in Long Blades
 25806 | D:14     | Found a gate to the Vaults.
 26271 | D:14     | Reached skill level 19 in Long Blades
 26475 | D:15     | Entered Level 15 of the Dungeon
 26492 | D:15     | Received a gift from Okawaru
 26964 | Orc:1    | Entered Level 1 of the Orcish Mines
 28128 | Orc:1    | Reached skill level 20 in Long Blades
 28381 | Orc:1    | Found the +4 dagger "Morg" {pain, MR+ Int+5}
 28396 | Orc:1    | Got a jewelled rapier
 28399 | Orc:1    | Identified the +4 rapier of the Ageless Orbs {pain, Stlth+}
                  | (You found it on level 1 of the Orcish Mines)
 28711 | Orc:2    | Entered Level 2 of the Orcish Mines
 28790 | Orc:2    | Found Qedwoaw's Antique Weapon Boutique.
 28805 | Orc:2    | Noticed Donald
 28823 | Orc:2    | Killed Donald
 28823 | Orc:2    | Received a gift from Okawaru
 28893 | Orc:2    | Found a staircase to the Elven Halls.
 29053 | Orc:2    | Found Baot's Gadget Emporium.
 29053 | Orc:2    | Found Moawkuir's Antique Weapon Shop.
 29085 | Orc:2    | Reached XP level 16. HP: 134/134 MP: 12/15
 29137 | Orc:2    | Reached skill level 21 in Long Blades
 29323 | Orc:2    | Found Exaull's Book Shop.
 29323 | Orc:2    | Found Hoedathra's Gadget Shoppe.
 29947 | Swamp:1  | Entered Level 1 of the Swamp
 30475 | Swamp:1  | You fall into a shaft and drop 1 floor!
 30839 | Swamp:2  | Noticed Roxanne
 31386 | Swamp:2  | Reached skill level 22 in Long Blades
 33471 | Swamp:4  | Entered Level 4 of the Swamp
 33626 | Swamp:3  | Received a gift from Okawaru
 34494 | Swamp:4  | Noticed a thorn hunter
 34771 | Swamp:4  | Killed a thorn hunter
 34924 | Swamp:4  | Reached XP level 17. HP: 109/152 MP: 16/16
 35080 | Swamp:4  | Got a decaying rune of Zot
 35106 | Swamp:4  | Received a gift from Okawaru
 36726 | Vaults:1 | Entered Level 1 of the Vaults
 37122 | Vaults:1 | Found a runed translucent door.
 37122 | Vaults:1 | Found a shimmering altar of Xom.
 37122 | Vaults:1 | Identified the +12 demon trident "Ongyunn" {chaos, Str+5
                  | Int+4 Dex-3}
 37122 | Vaults:1 | Noticed Feagond's ghost (adept HOMo)
 37199 | Vaults:1 | Received a gift from Okawaru
 37712 | Vaults:1 | Reached skill level 15 in Shields
 39034 | Vaults:2 | Cast into level 2 of the Abyss (a wizard)
 39066 | Abyss:2  | Received a gift from Okawaru
 39137 | Abyss:2  | Found a corrupted altar of Lugonu.
 39267 | Abyss:2  | Reached XP level 18. HP: 100/160 MP: 9/17
 39275 | Abyss:2  | Paralysed by accursed screaming for 1 turns
 39290 | Abyss:2  | Received a gift from Okawaru
 39333 | Vaults:2 | Escaped the Abyss
 39353 | Vaults:2 | Paralysed by a great orb of eyes for 4 turns
 39379 | Vaults:2 | Reached skill level 15 in Fighting
 40415 | Vaults:2 | Found a staircase to the Crypt.
 40415 | Vaults:2 | Found a basalt altar of Yredelemnul.
 40416 | Vaults:2 | Found an ancient bone altar of Kikubaaqudgha.
 40535 | Vaults:2 | Noticed a Brimstone Fiend
 40554 | Vaults:2 | Killed from afar by a deep elf annihilator

Illustrated notes

Levels and vault maps discovered:
D:1:      erik_arrival_blinker_ship, layout_basic
D:2:      layout_loops_ring, nemelex_xobeh_ov_fountains_minmay,
          lemuel_doored_altar
D:3:      layout_basic, minitemple, first_ration
D:4:      layout_rooms
D:5:      layout_loops_ring, serial_shops, shop, enter_ossuary_1, uniq_pikel,
          uniq_ijyb, uniq_sigmund, uniq_duvessa
D:6:      layout_basic, tso_oasis_becter, cheibrodos_worm_habitat,
          okawaru_ov_weapons_minmay, minmay_temple_entry_sparse_star,
          uniq_maggie
D:7:      layout_loops_corners, nicolae_ru_awakened_eye
D:8:      layout_rooms, elyvilon_altar_5, serial_shops,
          nicolae_shop_competitors_out_of_business, uniq_maurice, uniq_joseph
D:9:      layout_stronghold, overflow_temple_1_default,
          nicolae_overflow_crystal_walls, david_lair_generic
D:10:     layout_rooms, biasface_ghost_orc_armoury
D:11:     layout_roguey, basic_altar, uniq_josephine
D:12:     layout_long_grid, orc_0_dummy, serial_undead, serial_undead_d,
          serial_undead_a, serial_undead_c, serial_undead_a, uniq_erolcha
D:13:     layout_loops_ring, hangedman_ranch [blue_anna_fruit_fields], tso_altar
D:14:     layout_small_grid, david_vaults_4, minmay_misc_feat_tower,
          portal_ice_cave_rime, minivault_7
D:15:     gammafunk_enter_depths_forms, layout_cave_pods, special_room
          [special_room_mythical_zoo], lemuel_altar_in_water
Temple:   zaba_magenta_temple
Lair:1:   layout_cave_pods, ebering_ghost_inner_flame, serial_bayou_shore_b
Lair:2:   layout_hall_layers, nicolae_swamp_entry_splash_gauntlet,
          minmay_snake_entry_guardpost_small, gauntlet_entry_generic,
          enter_volcano_1, serial_bayou_pond_c, ldierk_geyser,
          eino_small_chamber_without_monster, kennysheep_abandoned_house
Lair:3:   regret_index_tunnel_blossom, layout_gridlike,
          ebering_ghost_funeral_grove, serial_bayou_pond_b, beast_lair_carwin_7
Lair:4:   dpeg_oklob_gauntlet, layout_hall_layers, kilobyte_rumbling_trees,
          grunt_megastairs_5, minmay_lair_oklob_chamber, lemuel_fruit_fields
Lair:5:   layout_concentric_octagons, special_room [special_room_mythical_zoo],
          lemuel_fruit_tree, uniq_rupert
Lair:6:   cheibrodos_lair_end_hotspot, layout_cellular_growth,
          minmay_slime_entry_oklob_enclosed, ebering_ghost_rock_garden,
          uniq_snorg
Swamp:1:  layout_basic_swamp, nicolae_swamp_very_dense_foliage,
          roderic_carrion_pond
Swamp:2:  layout_basic_swamp, serial_swamp_ruin, evilmike_swamp_ruin_house_1,
          evilmike_swamp_ruin_house_2, evilmike_swamp_ruin_house_6, uniq_roxanne
Swamp:3:  layout_basic_swamp, evilmike_swamp_ruin_rubble_1,
          infiniplex_staircase_pool
Swamp:4:  swamp_alternative, layout_basic_swamp, swamp_pool1,
          nicolae_swamp_fairy_circle
Orc:1:    giant_chief_lemuel, layout_diamond_mine
Orc:2:    st_orc_ogre_mass, layout_caves, serial_shops, shop,
          nicolae_orc_sculptors_studio, roderic_batcave, uniq_donald
Vaults:1: ebering_vaults_ghost_xom, dpeg_vaults_monster_row, v_misc_12,
          st_cross, ontoclasm_vaults_ring_large, v_rooms_1,
          nicolae_vaults_three_branches, ontoclasm_vaults_shuriken,
          hangedman_vaults_maws, v_pattern_4, nicolae_vaults_diagonal_hallway_9,
          ontoclasm_vaults_ring_small, vaults_room_octagon, layout_vaults_maze
Vaults:2: vaults_room_octagon, ontoclasm_vaults_misaligned,
          minmay_crypt_entry_necro_gods, v_alt_pattern_3,
          nicolae_vaults_rhombus_7, hangedman_vaults_stretched_pinwheel,
          nicolae_vaults_border_crossing, vaults_room_ringed_pool, st_cells,
          vaults_room_door_ring, serial_ice_b, dpeg_vaults_monster_box,
          layout_vaults_ring, uniq_nikola

Skill      XL: |  1  2  3  4  5  6  7  8  9 10 11 12 13 14 15 16 17 18 |
---------------+-------------------------------------------------------+-----
Long Blades    | 3 4 5 6 7 8 13 16 17 20 22 | 22.0
Armour         | 7 8 12 13 17 19 | 19.0
Shields        | 10 16 | 16.3
Dodging        | 3 6 |  6.0
Fighting       | 9 10 14 16 | 16.4
Short Blades   | 2 8 |  8.9

Action                   |  1- 3 |  4- 6 |  7- 9 | 10-12 | 13-15 | 16-18 || total
-------------------------+-------+-------+-------+-------+-------+-------++-------
Melee: Long sword        |    89 |   152 |   340 |   761 |  1415 |       ||  2757
       Headbutt          |    15 |    23 |    86 |   188 |   495 |   391 ||  1198
       Short sword       |       |       |       |    30 |    85 |       ||   115
       Scimitar          |       |       |       |       |    95 |  1241 ||  1336
       Double sword      |       |       |       |       |    68 |       ||    68
Throw: Javelin           |       |       |       |       |     1 |    12 ||    13
Invok: Heroism           |       |       |       |     9 |    20 |    14 ||    43
       Finesse           |       |       |       |       |     5 |     3 ||     8
Evoke: Wand              |       |       |       |       |     3 |     1 ||     4
  Use: Scroll            |       |       |       |    17 |    12 |     4 ||    33
       Potion            |       |       |       |       |     1 |     1 ||     2
 Stab: Distracted        |       |       |       |       |     1 |       ||     1
       Confused          |       |       |       |       |       |     2 ||     2
  Eat: Chunk             |     2 |     4 |    10 |    21 |    49 |    28 ||   114
       Ration            |       |       |       |     3 |       |     3 ||     6
Armor: Scale mail        |    18 |       |       |       |       |       ||    18
       Plate armour      |    26 |   113 |   134 |   266 |       |       ||   539
       Crystal plate arm |       |       |       |    90 |   803 |   214 ||  1107
       Swamp dragon scal |       |       |       |       |       |   205 ||   205
Dodge: Dodged            |    25 |    27 |    60 |   202 |   435 |   457 ||  1206
Block: Kite shield       |    34 |    93 |   153 |   533 |   869 |   826 ||  2508
       Rpst.: Long sword |     5 |     9 |    16 |    50 |    89 |       ||   169
       Double sword      |       |       |       |       |     4 |       ||     4
       Scimitar          |       |       |       |       |     3 |    87 ||    90
